 Dungeon Crawl Stone Soup version 0.26.1 (webtiles) character file.

Game seed: 17967005143555530477

5203 Gauvater the Chopper (level 10, -3/88 HPs)
             Began as a Palentonga Fighter on Feb 8, 2021.
             Was an Initiate of Lugonu.
             Killed from afar by a starcursed mass (13 damage)
             ... with an accursed screaming
             ... on level 1 of the Abyss.
             The game lasted 00:55:14 (11347 turns).

Gauvater the Chopper (Palentonga Fighter)          Turns: 11347, Time: 00:55:15

Health: -3/88      AC: 18    Str: 24      XL:     10   Next: 35%
Magic:  10/10      EV:  9    Int:  8      God:    Lugonu [......]
Gold:   176        SH: 13    Dex:  8 (9)  Spells: 9/9 levels left

rFire    + + .     SeeInvis +   B - +3 hand axe (freeze)
rCold    . . .     Faith    +   c - +3 kite shield
rNeg     . . .     Spirit   .   d - +0 ring mail {rF+}
rPois    .         Reflect  .   z - +2 helmet
rElec    .         Harm     .   (no cloak)
rCorr    .         Rampage  .   D - +0 pair of gloves {archery}
Will     .....                  (no barding)
Stlth    ++........             C - amulet of faith
HPRegen  0.24/turn              A - ring of protection from fire
MPRegen  0.12/turn              p - ring of stealth

@: curled up
A: large, rugged brown scales 3, see invisible, deformed body, roll 1, armoured
tail, reflexive curl
a: Rolling Charge, Renounce Religion


You were on level 1 of the Abyss.
You worshipped Lugonu.
Lugonu was noncommittal.
You visited 2 branches of the dungeon, and saw 10 of its levels.
You visited the Abyss 2 times.
You also visited: Bailey.

You collected 626 gold pieces.
You spent 450 gold pieces at shops.

Inventory:

Hand Weapons
 a - a +0 war axe
 g - a +2 flail of freezing
 B - a +3 hand axe of freezing (weapon)
 G - a +1 short sword of holy wrath
 H - a +1 vorpal flail
Armour
 c - a +3 kite shield (worn)
 d - a +0 ring mail of fire resistance (worn)
 z - a +2 helmet (worn)
 D - a +0 pair of gloves of archery (worn)
 M - a +0 plate armour
Jewellery
 n - an uncursed amulet of the acrobat
 p - a ring of stealth (right hand)
 A - a ring of protection from fire (left hand)
 C - an amulet of faith (around neck)
 E - an uncursed amulet of regeneration
 J - an uncursed ring of flight
 L - an uncursed amulet of reflection {unknown}
Wands
 e - a wand of iceblast (8)
 f - a wand of digging (8)
 u - a wand of random effects (16)
 y - a wand of flame (43)
 F - a wand of acid (6)
Scrolls
 b - 2 scrolls of random uselessness {unknown}
 i - 2 scrolls of noise {unknown}
 j - 5 scrolls of remove curse
 l - a scroll of teleportation
 o - 3 scrolls of amnesia
 q - a scroll of enchant weapon {unknown}
 r - 3 scrolls of blinking {unknown}
 s - 2 scrolls of enchant armour
 t - 3 scrolls of fog
 w - a scroll of immolation {unknown}
 x - a scroll of magic mapping
Potions
 h - 5 potions of lignification
 k - 4 potions of curing
 v - a potion of resistance
 K - a potion of flight


   Skills:
 + Level 6.2 Fighting
 + Level 7.7(8.5) Axes
 + Level 5.4(7.4) Maces & Flails
 + Level 6.1 Armour
 + Level 3.3 Dodging
 + Level 1.4 Stealth
 + Level 6.4 Shields


You had 9 spell levels left.
You didn't know any spells.
Your spell library was empty.

Dungeon Overview and Level Annotations

Branches:
Dungeon (9/15)             Temple (1/1) D:5            Lair (0/6) D:9
 Bailey (visited)
    Orc: D:9-12

Altars:
Ashenzari
Cheibriados
Dithmenos
Elyvilon
Fedhas
Gozag
Hepliaklqana
Kikubaaqudgha
Makhleb
Nemelex Xobeh
Okawaru
Qazlal
Ru
Sif Muna
Trog
Uskayaw
Vehumet
Wu Jian
Xom
Yredelemnul
Zin
The Shining One

Shops:
D:8 [

Annotations:
D:9 Psyche


Innate Abilities, Weirdness & Mutations

You are completely covered in rugged brown scales. (AC +3, +7% HP)
You have supernaturally acute eyesight. (SInv)
Armour fits poorly on your strangely shaped body.
You can roll at nearby foes to attack.
You have a long armoured tail.
You curl defensively after being hit.


Message History

A starcursed mass comes into view.
You completely miss the starcursed mass.
You tail-slap the starcursed mass, but do no damage.
The starcursed mass engulfs you. A chorus of shrieks assaults your mind.
* * * LOW HITPOINT WARNING * * *
A starcursed mass splits.
You feel less invigorated.
You feel less confused. A chorus of shrieks assaults your mind.
* * * LOW HITPOINT WARNING * * *
A starcursed mass splits.
A starcursed mass splits.
A deafening chorus of shrieks assaults your mind!
* * * LOW HITPOINT WARNING * * *
You suddenly lose the ability to move!
A starcursed mass splits.
You can move again.
A starcursed mass splits.
A deafening chorus of shrieks assaults your mind!
You die...

.. ..# ...
#.# #.. ##
#.#....
##.....#
##@#
####.##
###.##.#
###.#.#.X#
. #ยง....#
#..#.XXX#
#
#.##...##
.. #.XXX#
..###....#


You could see 7 starcursed masses.

Vanquished Creatures
  A two-headed ogre (D:8)
  Pikel (D:5)
  Sigmund (D:5)
  A wyvern (D:9)
  Eustachio (D:5)
  Menkaure (D:4)
  Edmund (D:5)
  Duvessa (D:4)
  A water moccasin (D:6)
  3 ice beasts
  A black bear (D:8)
  An orc warrior (D:6)
  2 ogres
  A phantom (D:7)
  2 centaurs (D:5)
  2 small abominations (Abyss:1)
  3 bullfrogs
  3 big kobolds
  Dowan (D:4)
  4 scorpions
  8 wights
  6 howler monkeys
  2 centaur zombies
  4 hounds
  An orc priest (D:5)
  2 jellies
  2 centaur skeletons (D:4)
  3 iguanas
  12 worker ants
  A hound skeleton (D:5)
  Robin (D:4)
  4 gnolls
  9 adders
  4 shadow imps
  An ufetubus (D:6)
  An ooze (D:5)
  An adder skeleton (D:5)
  A worm (D:3)
  10 leopard geckos
  12 orcs
  7 giant cockroaches
  22 goblins
  5 hobgoblins
  11 jackals
  17 kobolds
  3 quokkas
  3 ball pythons
  6 bats
  4 frilled lizards
  7 rats
202 creatures vanquished.

Vanquished Creatures (others)
  A plant (D:9)
1 creature vanquished.

Grand Total: 203 creatures vanquished

Notes
Turn   | Place    | Note
-------+----------+-------------------------------------------
     0 | D:1      | Gauvater the Palentonga Fighter began the quest for the
                  | Orb.
     0 | D:1      | Reached XP level 1. HP: 20/20 MP: 1/1
     3 | D:1      | You fall into a shaft and drop 1 floor!
    49 | D:2      | Reached XP level 2. HP: 24/27 MP: 2/2
   571 | D:1      | Reached XP level 3. HP: 32/33 MP: 3/3
  2118 | D:2      | Reached XP level 4. HP: 36/41 MP: 4/4
  2265 | D:3      | Reached skill level 3 in Axes
  2686 | D:3      | Found a blossoming altar of Fedhas.
  2894 | D:4      | Noticed Menkaure
  3028 | D:4      | Reached XP level 5. HP: 48/49 MP: 5/5
  3066 | D:4      | Reached skill level 1 in Dodging
  3330 | D:4      | Killed Menkaure
  3331 | D:4      | Reached XP level 6. HP: 24/55 MP: 6/6
  3668 | D:4      | Reached skill level 4 in Axes
  3968 | D:4      | Noticed Duvessa
  3968 | D:4      | Noticed Dowan
  3978 | D:4      | Killed Duvessa
  3979 | D:4      | Gained mutation: You curl defensively after being hit.
                  | [Palentonga growth]
  3979 | D:4      | Reached XP level 7. HP: 55/64 MP: 7/7
  3988 | D:4      | Killed Dowan
  4474 | D:4      | Noticed Robin
  4558 | D:4      | Killed Robin
  4596 | D:5      | Entered Level 5 of the Dungeon
  4596 | D:5      | Found a broken altar of Ashenzari.
  4917 | D:5      | Reached skill level 5 in Axes
  5287 | D:5      | Noticed Edmund
  5300 | D:5      | Killed Edmund
  5301 | D:5      | Reached XP level 8. HP: 66/71 MP: 8/8
  5339 | D:5      | Noticed Eustachio
  5343 | D:5      | Killed Eustachio
  5344 | D:5      | Reached skill level 6 in Axes
  5461 | D:5      | Noticed Sigmund
  5469 | D:5      | Killed Sigmund
  5894 | D:5      | Reached skill level 1 in Maces & Flails
  5899 | D:5      | Found a staircase to the Ecumenical Temple.
  5911 | D:5      | Reached skill level 5 in Fighting
  5911 | D:5      | Reached skill level 5 in Shields
  6123 | D:5      | Noticed Pikel
  6129 | D:5      | Killed Pikel
  6130 | D:5      | Reached XP level 9. HP: 77/79 MP: 9/9
  6138 | Temple   | Entered the Ecumenical Temple
  6188 | Temple   | Became a worshipper of the Wu Jian Council
  6971 | D:6      | Reached skill level 1 in Stealth
  6979 | D:6      | Reached skill level 5 in Armour
  7374 | D:6      | Found a stormy altar of Qazlal.
  7825 | D:7      | Reached * piety under Wu Jian
  8267 | D:6      | Reached skill level 7 in Axes
  9389 | D:8      | Found Nynwidd's Antique Armour Emporium.
  9407 | D:8      | Bought a shiny helmet for 225 gold pieces
  9407 | D:8      | Bought a pair of embroidered gloves for 225 gold pieces
  9638 | D:8      | Reached XP level 10. HP: 88/88 MP: 10/10
 10019 | D:8      | Noticed a two-headed ogre
 10156 | D:8      | Killed a two-headed ogre
 10157 | D:8      | Reached skill level 5 in Maces & Flails
 10461 | D:9      | Noticed Psyche
 10473 | D:9      | Found a flagged portal.
 10515 | D:9      | Noticed a death yak
 10754 | D:9      | Reached ** piety under Wu Jian
 10779 | D:9      | Cast into level 2 of the Abyss (Psyche)
 10779 | Abyss:2  | Found a corrupted altar of Lugonu.
 10802 | Abyss:2  | Noticed a worldbinder
 10852 | Abyss:2  | Noticed a deep elf mage
 10855 | Abyss:2  | Noticed a deep elf mage
 10857 | Abyss:2  | Noticed a deep elf archer
 10859 | Abyss:2  | Noticed a smoke demon
 10860 | Abyss:2  | Noticed a deep elf archer
 10860 | Abyss:2  | Noticed a deep elf mage
 10873 | Abyss:2  | Noticed a deep elf mage
 10874 | Abyss:2  | Noticed a deep elf knight
 10874 | Abyss:2  | Noticed a deep elf knight
 10885 | Abyss:2  | Noticed a reaper
 10887 | Abyss:2  | Noticed a deep elf archer
 10887 | Abyss:2  | Noticed a deep elf knight
 10887 | Abyss:2  | Noticed a deep elf mage
 10894 | Abyss:2  | Fell from the grace of Wu Jian
 10894 | Abyss:2  | Became a worshipper of Lugonu the Unformed
 10894 | Abyss:2  | Reached * piety under Lugonu
 10895 | D:9      | Escaped the Abyss
 10911 | Bailey   | Entered a bailey
 11076 | Bailey   | Noticed an orc knight
 11082 | Bailey   | Identified the +2 robe of New Discoveries {Rampage rN+
                  | rCorr Dex-5}
 11166 | D:9      | Cast into level 1 of the Abyss (Psyche)
 11285 | Abyss:1  | Noticed a torpor snail
 11285 | Abyss:1  | a redback changed into a torpor snail
 11287 | Abyss:1  | Noticed a smoke demon
 11311 | Abyss:1  | Noticed a starcursed mass
 11340 | Abyss:1  | Noticed a starcursed mass
 11346 | Abyss:1  | Paralysed by accursed screaming for 1 turns
 11347 | Abyss:1  | Killed from afar by a starcursed mass

Illustrated notes

Levels and vault maps discovered:
D:1:      minmay_arrival_four_houses, layout_basic, serial_curves,
          eino_curves_01, eino_curves_02, eino_curves_01, st_stairs_2
D:2:      layout_loops_cross, serial_forest, infiniplex_forest_clump_curved,
          infiniplex_forest_pool, infiniplex_forest_end_3,
          infiniplex_forest_clump_diagonal, infiniplex_forest_clump_diagonal,
          infiniplex_forest_zigzag_1, infiniplex_forest_end_3,
          grunt_ministairs_6
D:3:      layout_rooms, minmay_fountain_box, fedhas_altar_4
D:4:      kennysheep_goblin_castle, layout_basic, uniq_menkaure, uniq_duvessa
D:5:      layout_loops_corners, overflow_temple_1_default,
          minmay_temple_entry_statues_fountains, uniq_sigmund, uniq_eustachio,
          uniq_pikel, uniq_edmund
D:6:      layout_basic, basic_altar
D:7:      layout_loops_ring
D:8:      layout_basic, serial_shops, shop
D:9:      layout_loops_cross, david_lair_generic, enter_bailey_3, uniq_psyche
Temple:   nicolae_temple_the_god_donut
Abyss:1:  base:
D:2

Skill      XL: |  1  2  3  4  5  6  7  8  9 10 |
---------------+-------------------------------+-----
Shields        | 3 4 5 6 |  6.4
Axes           | 3 4 5 6 7 |  7.7
Armour         | 3 4 5 6 |  6.1
Dodging        | 1 2 3 |  3.3
Fighting       | 4 5 6 |  6.2
Maces & Flails | 2 4 5 |  5.4
Stealth        | 1 |  1.4

Action                   |  1- 3 |  4- 6 |  7- 9 | 10-12 || total
-------------------------+-------+-------+-------+-------++-------
Melee: War axe           |    95 |   136 |   116 |       ||   347
       Tailslap          |    15 |    22 |    52 |     9 ||    98
       Flail             |       |       |   143 |    34 ||   177
       Hand axe          |       |       |   126 |    54 ||   180
       Whip              |       |       |    48 |       ||    48
Invok: Lunge             |       |       |     8 |     2 ||    10
       Whirlwind         |       |       |     4 |    10 ||    14
       Depart the Abyss  |       |       |       |     1 ||     1
 Abil: Rolling Charge    |    15 |    10 |    44 |     3 ||    72
  Use: Scroll            |       |     6 |    16 |     5 ||    27
       Potion            |       |     2 |       |     7 ||     9
Armor: Scale mail        |    43 |    10 |       |       ||    53
       Ring mail         |       |    60 |   113 |   103 ||   276
       Skin              |       |       |       |     5 ||     5
Dodge: Dodged            |    26 |    61 |    95 |    61 ||   243
Block: Kite shield       |    49 |    89 |   196 |   145 ||   479
